 Dungeon Crawl Stone Soup version 0.22-a0-240-g539252a (webtiles) character file.

191 Amnesiac the Charlatan (level 5, 0/39 HPs)
             Began as a Spriggan Artificer on Feb 21, 2018.
             Was an Initiate of Gozag.
             Slain by a wolf (6 damage)
             ... on level 3 of the Dungeon.
             The game lasted 00:08:08 (3643 turns).

Amnesiac the Charlatan (Spriggan Artificer)         Turns: 3643, Time: 00:08:09

Health: 0/39       AC: 22    Str:  9    XL:     5   Next: 42%
Magic:  10/10      EV:  4    Int: 13    God:    Gozag
Gold:   447        SH:  5    Dex: 16    Spells: 4/4 levels left

rFire    . . .     SeeInvis +   b - +4 short sword (drain)
rCold    . . .     Gourm    .   (shield restricted)
rNeg     + + +     Faith    .   (armour currently unavailable)
rPois    +         Spirit   .   (helmet currently unavailable)
rElec    .         Reflect  +   (cloak currently unavailable)
rCorr    .         Harm     .   (gloves unavailable)
MR       .....     NoTele   +   (boots unavailable)
Stlth    ++........             m - +5 amulet of reflection
HPRegen  0.13/turn              i - ring of positive energy
MPRegen  0.12/turn              j - ring of wizardry

@: tree-form
A: very small, unfitting armour, see invisible, herbivore, slow metabolism 2
a: Potion Petition, Call Merchant, Bribe Branch, Renounce Religion


You were on level 3 of the Dungeon.
You worshipped Gozag.
Gozag was aware of your devotion.
You were not hungry.
You were a tree.
You visited 1 branch of the dungeon, and saw 3 of its levels.

You collected 474 gold pieces.
You paid 27 gold pieces to Gozag.

Inventory:

Hand Weapons
 a - a +2 dagger of venom
 b - a +4 short sword of draining (weapon)
Missiles
 g - 77 stones (quivered)
Armour
 l - a +0 robe (melded)
 r - a +0 cloak (melded)
Jewellery
 i - a ring of positive energy (left branch)
 j - a ring of wizardry (right branch)
 m - a +5 amulet of reflection (around neck)
 p - an uncursed ring of wizardry
 v - a +5 ring of strength {unknown}
Wands
 c - a wand of flame (4)
 d - a wand of enslavement (13)
 e - a wand of random effects (2)
 o - a wand of polymorph (12)
Scrolls
 h - 2 scrolls of amnesia {!r, unknown}
 k - 2 scrolls of remove curse {!r, unknown}
 n - a scroll of magic mapping {!r, unknown}
 q - a scroll of teleportation {!r, unknown}
 u - a scroll of identify {!r, unknown}
Potions
 s - a potion of curing {!q, unknown}
Comestibles
 f - 7 rations


   Skills:
 + Level 2.1 Fighting
 - Level 2.0 Short Blades
 + Level 4.6 Dodging
 - Level 2.0 Stealth
 * Level 6.1 Evocations


You had 4 spell levels left.
You didn't know any spells.

Dungeon Overview and Level Annotations

Branches:
Dungeon (3/15)

Altars:
Gozag
Wu Jian

Annotations:
D:3 Terence


Innate Abilities, Weirdness & Mutations

You are very small and have problems with some larger weapons.
You are too small for most types of armour.
You have supernaturally acute eyesight. (SInv)
You are a herbivore.
((You cover ground extremely quickly.))
You need consume almost no food.


Message History

You swing at nothing.
You swing at nothing.
You swing at nothing.
You swing at nothing.
An orc comes into view. It is wielding a hand axe.
You swing at nothing.
The orc moves out of view.
You swing at nothing.
The orc shouts! x2
You hit the orc.
The orc is severely wounded.
The orc hits you with a war axe!
You hit the orc but do no damage. You drain the orc!
You kill the orc!
The goblin misses you.
Things that are here:
5 gold pieces; a war axe; a leather armour You hit the goblin.
You drain the goblin!
You kill the goblin!
Evoke which item? (* to show all) (? for menu, Esc to quit)
Aiming: Random Effects
Press: ? - help, Shift-Dir - straight line, f - orc
Aim: an orc, wielding a short sword The mass of ice explodes!
The iceblast engulfs the orc.
You kill the orc!
The iceblast engulfs you!
* * * LOW HITPOINT WARNING * * *
The iceblast engulfs the orc.
You kill the orc!
You hear a shout!
Evoke which item? (* to show all) (? for menu, Esc to quit)
Aiming: Random Effects
Press: ? - help, Shift-Dir - straight line, f - orc wizard
Aim: an orc wizard, wielding a dagger and wearing a robe The orc wizard flickers and vanishes for a moment.
You closely miss the orc wizard. The orc wizard barely misses you.
You hit the orc wizard.
The orc wizard is lightly wounded.
You block the orc wizard's attack.
You hit the orc wizard.
The orc wizard is moderately wounded.
The orc wizard misses you.
Things that are here:
16 gold pieces; a short sword; a club You closely miss the orc wizard.
The orc wizard is moderately wounded.
The orc wizard casts a spell.
The orc wizard seems to speed up.
You barely miss the orc wizard.
The orc wizard is moderately wounded.
The orc wizard completely misses you. The orc wizard casts a spell at you.
The magic dart hits you!
* * * LOW HITPOINT WARNING * * *
Evoke which item? (* to show all) (? for menu, Esc to quit)
Aiming: Polymorph
Press: ? - help, Shift-Dir - straight line, f/p - orc wizard
Aim: an orc wizard, wielding a dagger and wearing a robe (moderately wounded, fast, slightly transparent, chance to defeat MR: 64%)
The orc wizard evaporates and reforms as a wolf!
The wolf completely misses you.
Really quaff
t - a fuming green potion {!q}?
It was a potion of lignification {!q}.
You turn into a tree.
Your roots penetrate the ground.
The wolf bites you.
You die...
Your body crumbles into a pile of gold.

######.##..#..#..#..####
+...#
.....#....###...###.#
#.. #
.....#.....#....(#..#
#..
.....#......)###...## #.
..........#.........#
####.##.............#
#......)#.....#..#
######.###..h###.#
#..#....♣#..#
##.......$..#
##.........#
#.........#######
#......)........#
##########......#
#.........##.
#............
#.........##.


You could see a wolf.

Vanquished Creatures
  Crazy Yiuf (D:2)
  Ijyb (D:2)
  An orc wizard (D:2)
  4 adders
  2 worms (D:2)
  2 dart slugs
  5 orcs
  2 giant cockroaches
  7 goblins
  6 hobgoblins
  4 jackals (D:2)
  A quokka (D:2)
  11 bats
  5 frilled lizards
  6 kobolds
  8 rats
66 creatures vanquished.

Vanquished Creatures (collateral kills)
  A frilled lizard (D:2)
1 creature vanquished.

Vanquished Creatures (others)
  An orc (D:2)
1 creature vanquished.

Grand Total: 68 creatures vanquished

Notes
Turn   | Place    | Note
-------+----------+-------------------------------------------
     0 | D:1      | Amnesiac the Spriggan Artificer began the quest for the Orb.
     0 | D:1      | Reached XP level 1. HP: 9/9 MP: 4/4
   126 | D:2      | Found an opulent altar of Gozag.
   167 | D:2      | Reached skill level 1 in Fighting
   318 | D:2      | Reached XP level 2. HP: 10/14 MP: 6/6
   371 | D:2      | Became a worshipper of Gozag Ym Sagoz the Greedy
  1133 | D:1      | Reached XP level 3. HP: 18/18 MP: 7/7
  1601 | D:2      | Reached skill level 5 in Evocations
  1660 | D:2      | Reached XP level 4. HP: 19/22 MP: 8/8
  1860 | D:2      | Found a runed door.
  1908 | D:2      | Found an ornate altar of the Wu Jian Council.
  2130 | D:2      | Noticed Crazy Yiuf
  2286 | D:2      | Killed Crazy Yiuf
  2286 | D:2      | Reached XP level 5. HP: 26/26 MP: 10/10
  2355 | D:3      | Noticed Ijyb
  2722 | D:2      | Found an ornate altar of the Wu Jian Council.
  2775 | D:2      | Found an opulent altar of Gozag.
  2784 | D:2      | Killed Ijyb
  2784 | D:2      | Reached skill level 6 in Evocations
  3198 | D:3      | Noticed Terence
  3536 | D:3      | Found a faded altar of an unknown god.
  3642 | D:3      | Noticed a wolf
  3642 | D:3      | an orc wizard changed into a wolf
  3643 | D:3      | Slain by a wolf

Vault maps used:
D:1:      mrwooster_arrival_statue_3
D:2:      lemuel_doored_altar, grunt_gozag_breadcrumbs, uniq_crazy_yiuf_cottage
D:3:      first_ration, chequers_ecumenical_altar_simple_redux,
          minmay_strange_pillars, uniq_ijyb, uniq_terence

Skill      XL: |  1  2  3  4  5 |
---------------+----------------+-----
Fighting       | 1 2 |  2.1
Stealth        | 2 |  2.0
Short Blades   | 2 |  2.0
Evocations     | 5 6 |  6.1
Dodging        | 4 |  4.6

Action                   |  1- 3 |  4- 6 || total
-------------------------+-------+-------++-------
Melee: Short sword       |    81 |    64 ||   145
       Unarmed           |       |     3 ||     3
       Dagger            |       |     1 ||     1
Invok: Potion Petition   |       |     1 ||     1
Evoke: Wand              |    16 |    11 ||    27
  Use: Potion            |       |     2 ||     2
 Stab: Sleeping          |     1 |     4 ||     5
       Distracted        |     1 |     1 ||     2
Armor: Robe              |     5 |     3 ||     8
Dodge: Dodged            |    82 |    38 ||   120
Block: Other             |       |    13 ||    13

Table legend:
 A = Spawn XP
 B = Non-spawn XP
 C = Spawn XP percentage of total XP
 D = Spawn monster count
 E = Non-spawn monster count
 F = Spawn count percentage of total count
 G = Total turns spent on level
                    A         B        C        D         E        F      G
               +---------+---------+-------+---------+---------+-------+---------
         Total |       0 |     274 |   0.0 |       0 |      67 |   0.0 |  3643
               +---------+---------+-------+---------+---------+-------+---------
           D:1 |       0 |      33 |   0.0 |       0 |      18 |   0.0 |  1305
           D:2 |       0 |     201 |   0.0 |       0 |      34 |   0.0 |  1952
           D:3 |       0 |      40 |   0.0 |       0 |      15 |   0.0 |   386
               +---------+---------+-------+---------+---------+-------+---------
